 Dungeon Crawl Stone Soup version 0.30-a0-847-g17996783a1 (webtiles) character file.

Game seed: 2629867696227404131

109 cforsyth the Sneak (level 5, 0/32 HPs)
             Began as a Kobold Brigand on Mar 3, 2023.
             Slain by a sleepcap (6 damage)
             ... on level 3 of the Dungeon.
             The game lasted 00:04:55 (3276 turns).

cforsyth the Sneak (Kobold Brigand)                 Turns: 3276, Time: 00:04:56

Health: 0/32       AC:  4    Str:  8    XL:     5   Next: 13%
Magic:  5/5        EV: 15    Int: 13    God:
Gold:   128        SH:  0    Dex: 18    Spells: 4/4 levels left

rFire   . . .      SeeInvis .    a - +2 dagger
rCold   . . .      Faith    .    (no shield)
rNeg    . . .      Spirit   .    b - +0 robe
rPois   .          Reflect  .    (no helmet)
rElec   .          Rampage  .    c - +0 cloak
rCorr   .                        l - +0 pair of gloves
Will    .....                    (no boots)
Stlth   ++++                     (no amulet)
HPRegen 0.25/turn                (no ring)
MPRegen 0.09/turn                (no ring)

@: no status effects
A: small, no large weapons, nightstalker 3
a: no special abilities


You were on level 3 of the Dungeon.
You visited 1 branch of the dungeon, and saw 3 of its levels.

You collected 128 gold pieces.

Inventory:

Hand Weapons
 a - a +2 dagger (weapon)
 m - a +0 rapier
Missiles
 d - 13 poisoned darts (quivered)
 e - 6 curare-tipped darts
 k - 3 throwing nets
Armour
 b - a +0 robe (worn)
 c - a +0 cloak (worn)
 l - a +0 pair of gloves (worn)
Jewellery
 n - a ring of fire
Scrolls
 f - 2 scrolls of identify {unknown}
 i - a scroll of amnesia {unknown}
 j - a scroll of fog {unknown}
 o - 3 scrolls of teleportation {unknown}
 q - a scroll of vulnerability {unknown}
 r - a scroll of enchant armour {unknown}
Potions
 g - a potion of flight {unknown}
 h - 3 potions of heal wounds {unknown}
 p - 2 potions of curing {unknown}
 s - a potion of mutation {unknown}


   Skills:
 + Level 3.2 Fighting
 + Level 4.0 Short Blades
 - Level 2.1 Throwing
 + Level 2.8 Dodging
 + Level 6.2 Stealth


You had 4 spell levels left.
You didn't know any spells.
Your spell library contained the following spells:

 Spells                   Type           Power      Damage    Failure   Level
 Beastly Appendage        Tmut           0%         N/A       30%         1
 Wereblood                Tmut           0%         N/A       43%         2
 Spider Form              Tmut/Pois      0%         N/A       67%         3


Dungeon Overview and Level Annotations

Branches:
Dungeon (3/15)

Altars:

Shops:
D:1 (   D:3 *(*!


Innate Abilities, Weirdness & Mutations

You are small and have problems with some larger weapons.
You are completely attuned to the shadows.


Message History

A sleepcap is nearby!
A sleepcap is nearby!
A sleepcap is nearby!
The sleepcap closely misses you.
Unknown command.
You hit the sleepcap but do no damage. The sleepcap releases spores at you.
You are engulfed in a cloud of soporific spores!
You hit the sleepcap but do no damage. The sleepcap releases spores at you.
You are engulfed in a cloud of soporific spores!
You fall asleep.
The sleepcap releases spores at you!!
You wake up.
Ouch! That really hurt!
You are engulfed in a cloud of soporific spores!
Unknown command.
Unknown command.
Unknown command.
Unknown command.
Unknown command.
Unknown command.
Unknown command.
Unknown command.
You hit the sleepcap.
The sleepcap is lightly damaged.
The sleepcap misses you.
You hit the sleepcap but do no damage.
The sleepcap is lightly damaged.
The sleepcap releases spores at you.
* * * LOW HITPOINT WARNING * * *
You are engulfed in a cloud of soporific spores!
You are unaffected.
You hit the sleepcap but do no damage.
The sleepcap is lightly damaged.
You hit the sleepcap.
The sleepcap is lightly damaged.
The sleepcap misses you.
Unknown command.
You hit the sleepcap but do no damage.
The sleepcap is lightly damaged.
The sleepcap releases spores at you.
You die...

# ## .####
....########
...........# ...
.....#(..#.# ...
##....#.#..# #.#
##....∩...# #f#
#...#.#..#####@#
#..#...#.......#
##.......>.....#
####.†........#
###........#
###......#


You could see a sleepcap.

Vanquished Creatures
  4 gnolls (D:2)
  An adder (D:2)
  A worm (D:2)
  A dart slug (D:1)
  2 orcs (D:3)
  3 endoplasms
  A giant cockroach (D:2)
  4 goblins
  5 hobgoblins
  A jackal (D:1)
  2 quokkas
  12 ball pythons
  7 bats
  6 frilled lizards
  4 kobolds
  4 rats
58 creatures vanquished.

Notes
Turn   | Place    | Note
-------+----------+-------------------------------------------
     0 | D:1      | cforsyth the Kobold Brigand began the quest for the Orb.
     0 | D:1      | Reached XP level 1. HP: 12/12 MP: 1/1
    37 | D:1      | Found Cicue's Weapon Boutique.
   179 | D:1      | Reached XP level 2. HP: 18/18 MP: 2/2
  1284 | D:2      | Reached XP level 3. HP: 22/22 MP: 3/3
  1712 | D:2      | Reached XP level 4. HP: 27/27 MP: 4/4
  1796 | D:2      | Reached skill level 6 in Stealth
  2614 | D:3      | Found Qour's General Store.
  2638 | D:3      | Found Gieskoni's Weapon Boutique.
  3024 | D:3      | Found Fyemiseo's Distillery.
  3095 | D:3      | Reached XP level 5. HP: 32/32 MP: 5/5
  3250 | D:3      | Found Miuneipp's Assorted Antiques.
  3276 | D:3      | Slain by a sleepcap

Illustrated notes

Levels and vault maps discovered:
D:1:      giann_horns, layout_basic, serial_shops, nicolae_shop_window_shopping,
          minmay_domino_4
D:2:      minmay_door_path, layout_loops_corners
D:3:      layout_basic, serial_shops, shop, nicolae_shop_advertising_works
          [nicolae_subvault_shop_adworks], shop, nicolae_shop_behind_doors,
          roderic_lattice_a, hangedman_abyss_or_decor_stabs, minmay_mini_jars

Skill      XL: |  1  2  3  4  5 |
---------------+----------------+-----
Short Blades   | 3 4 |  4.0
Dodging        | 2 |  2.8
Fighting       | 3 |  3.2
Stealth        | 6 |  6.2
Throwing       | |  2.1

Action                     |  1- 3 |  4- 6 || total
---------------------------+-------+-------++-------
  Melee: Dagger            |    63 |    87 ||   150
         Punch             |     1 |       ||     1
   Stab: Sleeping          |    14 |    16 ||    30
         Distracted        |       |     2 ||     2
 Armour: Robe              |     8 |    23 ||    31
  Dodge: Dodged            |    31 |    71 ||   102

Table legend: (Time is in decaauts)
 A = Elapsed time spent in this place.
 B = Non-inter-level travel time spent in this place.
 C = Inter-level travel time spent in this place.
 D = Time resting spent in this place.
 E = Time spent auto-exploring this place.
 F = Levels seen in this place.
 G = Mean time per level.
                   A        B        C        D        E       F      G
               +--------+--------+--------+--------+--------+-----+--------+
         Total |   3252 |   3133 |    119 |    329 |   2265 |   3 | 1084.0 |
       Dungeon |   3252 |   3133 |    119 |    329 |   2265 |   3 | 1084.0 |
               +--------+--------+--------+--------+--------+-----+--------+

Top non-repeatable levels by time:
     D:2: 1607 daAuts
     D:1: 1202 daAuts
     D:3: 442 daAuts
